Map: Tokamak LE

Players

Sindyr

  • Race: Terran Terran
  • League: Master
  • Spawn Location: 1:00

thespirit - Winner!

  • Race: Zerg Zerg
  • Spawn Location: 7:00

VOD

Have the link to the VOD?

Description

Time

  • Played on: Sept. 15, 2025, 1:13 p.m.
  • Length: 3:23
Show
View Real Time Build Order
Export as new Build Order

Sindyr Terran 

Build Orders:  

Get SALT Encoding   

  12  0:01  SCV  
  13  0:14  SCV  
  14  0:17  Supply Depot  
  14  0:26  SCV  
  15  0:39  SCV  
  15  0:42  Barracks  
  16  0:48  Refinery  
  16  0:51  SCV  
  17  1:03  SCV  
  18  1:28  Orbital Command  
  18  1:36  Command Center  
  18  1:55  Barracks Reactor  
  18  2:03  SCV  
  19  2:13  Supply Depot  
  13  2:48  Marine x2  
  15  2:56  Supply Depot  
Show
View Real Time Build Order
Export as new Build Order

thespirit Zerg - Winner!

Build Orders: Pool First 

Get SALT Encoding   

  12  0:06  Drone  
  13  0:14  Drone  
  14  0:27  Spawning Pool  
  13  0:30  Drone  
  14  0:37  Extractor  
  14  0:38  Drone  
  14  0:45  Overlord  
  14  1:14  Zergling x6  
  17  1:22  Queen  
  19  1:25  Drone  
  20  1:40  Metabolic Boost  
  20  1:43  Drone  
  21  1:47  Drone  
  22  2:04  Hatchery  
  21  2:35  Drone x2  
  21  2:36  Overlord  
  20  2:55  Drone  
  20  2:57  Extractor  
  22  3:12  Baneling Nest  
Tags
 
League
Master
Matchup
TvZ
Opening
Pool First
Replay Pack
Multiplayer
Spawn Locations
Cross Positions
Add a new tag
Caveats
  • Supply blocks, unpowered buildings, or Contaminate may cause inaccurate times.
  • Supply counts are checked every 10 seconds.